[Event "Team 45 45 League T52"]
[Site "Internet Chess Club"]
[Date "2012.04.08"]
[Round "8"]
[White "kidviper"]
[Black "futureGM"]
[Result "1-0"]
[WhiteElo "2034"]
[BlackElo "1904"]
[Opening "Vienna game"]
[ECO "C26"]
[Time "16:17:43"]
[TimeControl "2700+45"]

1. e4 e5 2. Bc4 Nf6 3. Nc3 Bc5 4. d3 h6 5. f4 d6 6. Na4 Bxg1 7. Rxg1 Ng4 8. g3
a6 9. Nc3 b5 10. Bb3 g6 11. Qe2 c5 12. h3 Nf6 13. g4 b4 14. Nd5 Nxd5 15. Bxd5
Ra7 16. Qf2 a5 17. fxe5 dxe5 18. Qxc5 Rd7 19. Rf1 Qh4+ 20. Ke2 Kd8 21. Qb6+ Rc7
22. Qxb8 Qxh3 23. Qb6 Bxg4+ 24. Ke1 Qg3+ 25. Qf2 Qxf2+ 26. Rxf2 f5 27. Be3 Ke8
28. Bb6 Rch7 29. exf5 gxf5 30. Bxa5 h5 31. Bxb4 h4 32. Bd6 h3 33. Bxe5 h2 34.
Bxh8 h1=Q+ 35. Bxh1 Rxh1+ 36. Rf1 Rxh8 37. Kd2 Kd7 38. Rae1 {Black resigns} 1-0

[Event "Team 45 45 League T52"]
[Site "Internet Chess Club"]
[Date "2012.04.06"]
[Round "8"]
[White "upsan"]
[Black "loudoun"]
[Result "0-1"]
[WhiteElo "1784"]
[BlackElo "1837"]
[Opening "Sicilian: Grand Prix attack"]
[ECO "B23"]
[Time "19:24:26"]
[TimeControl "2700+45"]

1. e4 c5 2. Nc3 Nc6 3. f4 e6 4. Nf3 Nge7 5. Be2 d5 6. O-O d4 7. Na4 b6 8. d3 g6
9. b3 Bg7 10. Nb2 O-O 11. a4 f5 12. e5 Bb7 13. Bd2 a6 14. Ng5 Qd7 15. Nc4 Nc8
16. Bf3 h6 17. Nh3 b5 18. axb5 axb5 19. Rxa8 Bxa8 20. Na3 N8e7 21. Nxb5 Nxe5 22.
fxe5 Qxb5 23. Nf4 Qd7 24. Re1 g5 25. Nh5 Bxf3 26. Qxf3 Ng6 27. Nxg7 Kxg7 28. b4
Rc8 29. Qf2 cxb4 30. Bxb4 Qd5 31. Bd6 Qc6 32. Qxd4 Nf4 33. Qf2 Qxc2 34. Qxc2
Rxc2 35. g3 Nxd3 36. Ra1 Re2 {White resigns} 0-1

[Event "Team 45 45 League T52"]
[Site "Internet Chess Club"]
[Date "2012.04.07"]
[Round "8"]
[White "frontier"]
[Black "jorobo"]
[Result "1-0"]
[WhiteElo "1974"]
[BlackElo "2000"]
[Opening "QGD: Tarrasch, Folkestone (Swedish) variation"]
[ECO "D33"]
[Time "07:31:03"]
[TimeControl "2700+45"]

1. c4 e6 2. Nc3 d5 3. d4 c5 4. cxd5 exd5 5. Nf3 Nc6 6. g3 c4 7. Bg2 Bb4 8. O-O
Nge7 9. Bd2 O-O 10. b3 Qa5 11. Qe1 cxb3 12. axb3 Qd8 13. Nb5 Bxd2 14. Qxd2 Be6
15. Qf4 Ng6 16. Qc7 a6 17. Qxd8 Raxd8 18. Nc3 Rfe8 19. Na4 Bf5 20. e3 Bd3 21.
Rfc1 Re7 22. Ne1 Bb5 23. Nc3 Red7 24. Nxb5 axb5 25. Rc5 b4 26. Nd3 Nge7 27. Rb5
g6 28. Nc5 Rc7 29. Rxb7 Rxb7 30. Nxb7 Rb8 31. Nc5 Rb5 32. Ra6 Ra5 33. Rxa5 Nxa5
34. Na6 Nxb3 35. Nxb4 Nc1 36. Nxd5 Nxd5 37. Bxd5 Nd3 38. Kf1 Nb4 39. Bb7 {Black
resigns} 1-0

[Event "Team 45 45 League T52"]
[Site "Internet Chess Club"]
[Date "2012.04.05"]
[Round "8"]
[White "barbak"]
[Black "livis"]
[Result "0-1"]
[WhiteElo "1922"]
[BlackElo "1988"]
[Opening "French: Tarrasch, closed variation"]
[ECO "C05"]
[Time "14:00:12"]
[TimeControl "2700+45"]

1. e4 e6 2. d4 d5 3. Nd2 Nf6 4. e5 Nfd7 5. Bd3 c5 6. c3 Nc6 7. Ne2 a6 8. Nf3 h6
9. O-O b6 10. a3 Bb7 11. Ng3 Qe7 12. Bc2 g6 13. Re1 O-O-O 14. c4 Nxd4 15. Nxd4
cxd4 16. cxd5 exd5 17. Qxd4 Qe6 18. b4 Kb8 19. h4 Bg7 20. f4 Qg4 21. Kf2 Rhe8
22. Be3 Rc8 23. Bb3 g5 24. Bd1 Qe6 25. fxg5 Rc4 26. Qd2 Qxe5 27. Bf3 Rec8 28.
Ra2 hxg5 29. hxg5 Qc7 30. Re2 Be5 31. Nf5 d4 32. Bxd4 Rxd4 33. Nxd4 Bg3+ 34. Kf1
Qc1+ 35. Re1 Bxe1 36. Qxe1 Qc4+ 37. Qe2 Qxd4 38. Rc2 Rxc2 39. Qxc2 Bxf3 40. gxf3
Qa1+ 41. Kf2 Qxa3 42. Qe4 Qb2+ 43. Kf1 Qc1+ 44. Kf2 Qxg5 45. Qe8+ Kc7 46. Qxf7
Qd2+ 47. Kg3 Qxb4 48. f4 a5 49. f5 a4 50. Qe6 Qb3+ {White resigns} 0-1

[Event "Team 45 45 League T52"]
[Site "Internet Chess Club"]
[Date "2012.04.07"]
[Round "8"]
[White "azbycx"]
[Black "CapitanTrueno"]
[Result "0-1"]
[WhiteElo "1867"]
[BlackElo "1824"]
[Opening "King's Indian: fianchetto, Panno variation"]
[ECO "E63"]
[Time "17:01:00"]
[TimeControl "2700+45"]

1. d4 Nf6 2. Nf3 g6 3. g3 Bg7 4. Bg2 d6 5. O-O O-O 6. c4 Nc6 7. Nc3 a6 8. b3 Rb8
9. Bb2 Bd7 10. a3 Na5 11. Qc2 b5 12. cxb5 axb5 13. Nd2 c5 14. dxc5 dxc5 15. b4
cxb4 16. axb4 Nc6 17. Ba3 Nd4 18. Qd3 Bc6 19. Bxc6 Nxc6 20. Qxd8 Rfxd8 21. Rad1
Nd5 22. Nxd5 Rxd5 23. Nb1 Rbd8 24. Rc1 Nd4 25. Nc3 R5d7 26. Kg2 Nb3 27. Rc2 Rc8
28. Rb1 Nd2 29. Rd1 Rxc3 30. Rdxd2 Rxd2 31. Rxd2 Rxa3 32. Rd8+ Bf8 33. Rb8 Rb3
34. Rxb5 e6 35. Rb8 Rxb4 36. Rc8 Kg7 37. Rc2 Be7 38. f3 Bf6 39. e4 Rb2 {White
resigns} 0-1

[Event "Team 45 45 League T52"]
[Site "Internet Chess Club"]
[Date "2012.04.07"]
[Round "8"]
[White "BTop"]
[Black "Grenadier"]
[Result "1-0"]
[WhiteElo "1703"]
[BlackElo "1792"]
[Opening "English opening"]
[ECO "A20"]
[Time "20:00:07"]
[TimeControl "2700+45"]

1. c4 e5 2. g3 Nf6 3. Bg2 c6 4. d4 exd4 5. Qxd4 d5 6. Nf3 Bb4+ 7. Bd2 Bxd2+ 8.
Nbxd2 O-O 9. O-O Be6 10. Ng5 Nbd7 11. Nxe6 fxe6 12. Rad1 e5 13. Qd3 d4 14. b4
Qe7 15. c5 Rad8 16. a3 Kh8 17. Nc4 Nb8 18. Nd6 Ne8 19. Ne4 Nd7 20. Rc1 Ndf6 21.
Nd2 Nc7 22. f4 exf4 23. Rxf4 Nb5 24. a4 Nc3 25. Kf1 Ng4 26. Rxf8+ Qxf8+ 27. Bf3
Nxh2+ 28. Kg2 Nxf3 29. Nxf3 Qe7 30. Nxd4 Nxa4 31. Ra1 Qf6 32. e3 Nb2 33. Qe2 Qe7
34. Qxb2 Qe4+ 35. Nf3 Rf8 36. Rf1 Qxe3 37. Qd4 Qe6 38. Qd6 Qf7 39. Nd2 {Black
resigns} 1-0

[Event "Team 45 45 League T52"]
[Site "Internet Chess Club"]
[Date "2012.04.08"]
[Round "8"]
[White "zepled37"]
[Black "monkeyshark"]
[Result "1-0"]
[WhiteElo "1617"]
[BlackElo "1412"]
[Opening "Scotch: Schmidt variation"]
[ECO "C45"]
[Time "20:02:27"]
[TimeControl "2700+45"]

1. e4 e5 2. Nf3 Nc6 3. d4 exd4 4. Nxd4 Nf6 5. Nxc6 bxc6 6. Bd3 d5 7. O-O Be7 8.
Nd2 O-O 9. e5 Nd7 10. Re1 Nc5 11. Nb3 Nxd3 12. cxd3 Bg5 13. Qc2 Bd7 14. Nd4 Bxc1
15. Raxc1 c5 16. Qxc5 c6 17. Nxc6 Bxc6 18. Qxc6 Rb8 19. Qc2 Qb6 20. b3 Rfe8 21.
Qd2 Qd4 22. Qc3 Qb6 23. d4 Qa6 24. Qd2 Qb6 25. Rc5 Rbd8 26. Rec1 f6 27. Rc6 Qb7
28. exf6 Rf8 29. Rc7 {Black resigns} 1-0

[Event "Team 45 45 League T52"]
[Site "Internet Chess Club"]
[Date "2012.04.04"]
[Round "8"]
[White "fireball"]
[Black "GoIrish"]
[Result "1-0"]
[WhiteElo "1717"]
[BlackElo "1618"]
[Opening "Réti opening"]
[ECO "A05"]
[Time "20:35:11"]
[TimeControl "2700+45"]

1. Nf3 Nf6 2. d3 g6 3. g3 Bg7 4. Bg2 O-O 5. e4 d6 6. Be3 Ng4 7. Bc1 c5 8. h3 Nf6
9. c3 Nc6 10. Be3 b5 11. Qd2 Nd7 12. Bh6 Nde5 13. Nxe5 Nxe5 14. Bxg7 Kxg7 15. f4
Nd7 16. h4 Rb8 17. h5 Nf6 18. hxg6 fxg6 19. Qe3 b4 20. c4 a5 21. Nd2 a4 22. Bf3
Bg4 23. e5 Bxf3 24. exf6+ exf6 25. Qxf3 Re8+ 26. Kf2 Re7 27. Rae1 b3 28. a3 f5
29. Qd5 Rd7 30. Nb1 Qf6 31. Nc3 Rbd8 32. Re6 Qf7 33. Nxa4 Ra7 34. Nc3 Re7 35.
Rxd6 Rxd6 36. Qxd6 Qe8 37. Qxc5 {Black resigns} 1-0

[Event "Team 45 45 League T52"]
[Site "Internet Chess Club"]
[Date "2012.04.05"]
[Round "8"]
[White "BrerRabbit"]
[Black "jhbchess"]
[Result "0-1"]
[WhiteElo "1465"]
[BlackElo "1598"]
[Opening "English opening"]
[ECO "A25"]
[Time "10:46:41"]
[TimeControl "2700+45"]

1. c4 e5 2. g3 Nc6 3. Nc3 f5 4. Nf3 Nf6 5. d4 e4 6. Nh4 d5 7. Bg5 Be7 8. e3 Be6
9. Bxf6 Bxf6 10. cxd5 Bxd5 11. Nxd5 Qxd5 12. Ng2 O-O-O 13. b3 Nxd4 14. exd4 Bxd4
15. Bc4 Bc3+ 16. Ke2 Qa5 17. Qc1 Bxa1 18. Qxa1 Rd2+ 19. Ke3 Rhd8 20. a4 Qb6+ 21.
Kf4 Qxf2+ 22. Kg5 Qxg2 23. Be6+ Kb8 24. Bxf5 Qf3 25. Rf1 Qe3+ 26. Rf4 Rxh2 27.
Kg4 Qe2+ 28. Kg5 Qh5# {White checkmated} 0-1

[Event "Team 45 45 League T52"]
[Site "Internet Chess Club"]
[Date "2012.04.07"]
[Round "8"]
[White "az2112"]
[Black "badmove"]
[Result "1/2-1/2"]
[WhiteElo "1634"]
[BlackElo "1702"]
[Opening "Ruy Lopez: closed, Ragozin-Petrosian (`Keres') variation"]
[ECO "C92"]
[Time "16:30:22"]
[TimeControl "2700+45"]

1. e4 e5 2. Nf3 Nc6 3. Bb5 a6 4. Ba4 Nf6 5. O-O Be7 6. Re1 b5 7. Bb3 d6 8. c3
O-O 9. h3 Nd7 10. d4 Bf6 11. d5 Ne7 12. a4 Bb7 13. Be3 Nc5 14. Bxc5 dxc5 15. c4
bxc4 16. Bxc4 Rb8 17. Qe2 c6 18. Bxa6 Bxa6 19. Qxa6 cxd5 20. exd5 Qxd5 21. Nc3
Qd8 22. Ne4 Rb6 23. Qc4 Ng6 24. Nxc5 Rxb2 25. Nd3 Rb8 26. Ndxe5 Nxe5 27. Nxe5
Rc8 28. Qa2 Qa5 29. Nc4 Qb4 30. Rac1 Rfd8 31. Ne3 Ra8 32. Nd5 Qxa4 33. Nxf6+
gxf6 34. Qxa4 Rxa4 35. Rc7 Ra2 36. Ree7 Rf8 37. Red7 Ra6 38. Rd4 f5 39. Rc5 Rf6
40. Rf4 Kg7 41. Rcxf5 Rxf5 42. Rxf5 f6 43. g4 Rd8 44. Kg2 Kg6 45. Kg3 Rd3+ 46.
f3 Re3 47. h4 h6 48. h5+ Kg7 49. Rb5 Re5 50. Rxe5 fxe5 51. f4 exf4+ 52. Kxf4 Kf6
53. Kf3 Ke5 54. Ke3 Ke6 55. Ke4 Kf6 56. Kf4 Ke6 57. g5 hxg5+ 58. Kxg5 Kf7 59.
Kh6 Kg8 60. Kg6 {Game drawn by mutual agreement} 1/2-1/2

[Event "Team 45 45 League T52"]
[Site "Internet Chess Club"]
[Date "2012.04.09"]
[Round "8"]
[White "ILRE"]
[Black "Duguesclin"]
[Result "0-1"]
[WhiteElo "1681"]
[BlackElo "1616"]
[Opening "Queen's Indian: 4.Nc3"]
[ECO "E12"]
[Time "12:01:06"]
[TimeControl "2700+45"]

1. c4 Nf6 2. Nc3 e6 3. Nf3 b6 4. d4 Bb4 5. Bd2 Bb7 6. e3 O-O 7. Be2 d5 8. O-O c5
9. a3 Bxc3 10. Bxc3 Nbd7 11. Nd2 Ne4 12. Nxe4 dxe4 13. d5 exd5 14. cxd5 Nf6 15.
d6 Nd5 16. Be5 Qg5 17. Bg3 Rad8 18. Qa4 a5 19. Rad1 Nf6 20. Qb3 Nd7 21. Bb5 Nf6
22. d7 Bd5 23. Qa4 Qf5 24. Bd6 Nxd7 25. Bxd7 Rxd7 26. Bxf8 Kxf8 27. Rd2 Qe6 28.
Rfd1 Bc6 29. Qc2 f5 30. Rxd7 Bxd7 31. Qd2 Ke7 32. Qc3 Kf7 33. Qd2 Ba4 34. Rc1
Qb3 35. h3 Qd3 36. Qc3 Qxc3 37. Rxc3 Bb5 38. Rb3 Bd3 39. Rxb6 a4 40. Rc6 c4 41.
Rb6 Bc2 42. Rd6 Ke7 43. Rd4 Bd3 44. Kh2 h5 45. Kg3 g5 46. f4 exf3 47. Kxf3 Ke6
48. g4 fxg4+ 49. hxg4 h4 50. Kf2 Ke5 51. Rd8 Bc2 52. Rd4 Bd3 53. Rd8 Bc2 54.
Re8+ Kf6 55. Ke2 Kf7 56. Re5 Kf6 57. Re8 Kf7 58. Rd8 Ke7 59. Rd2 Bd3+ 60. Kf2
Ke6 61. Rd1 Ke5 62. Re1 Ke4 63. Rc1 Ke5 64. Rh1 Ke4 65. Re1 Bc2 66. Rc1 Bd3 67.
Rc3 Kd5 68. Rc1 Ke4 69. Rc3 Kd5 70. Kf3 Be4+ 71. Kf2 Bd3 72. Rc1 Ke4 73. Rh1 Ke5
74. Rh3 Be4 75. Kg1 Bd5 76. Rh2 Ke4 77. Rd2 Be6 78. Kf2 Bxg4 79. Rd4+ Kf5 80.
Rxc4 Bd1 81. Kg2 g4 82. Rd4 Bb3 83. Rf4+ Kg5 84. Rf8 Bd5+ 85. Kg1 g3 86. Rf4 h3
87. e4 Kxf4 88. exd5 Ke5 89. d6 Kxd6 90. Kf1 h2 91. Kg2 Kc5 92. Kh1 Kc4 {White
resigns} 0-1

[Event "Team 45 45 League T52"]
[Site "Internet Chess Club"]
[Date "2012.04.07"]
[Round "8"]
[White "powerchess1"]
[Black "BrandonBee"]
[Result "1-0"]
[WhiteElo "1653"]
[BlackElo "1566"]
[Opening "Dutch: Staunton gambit, Chigorin variation"]
[ECO "A83"]
[Time "10:00:14"]
[TimeControl "2700+45"]

1. d4 f5 2. e4 fxe4 3. Nc3 Nf6 4. Bg5 c6 5. f3 exf3 6. Nxf3 d6 7. Bc4 Bg4 8. O-O
d5 9. Be2 h6 10. Bxf6 exf6 11. Nh4 Bxe2 12. Qxe2+ Kd7 13. Ng6 Rg8 14. Rae1 Bd6
15. Qe6+ Kc7 16. Qf7+ Nd7 17. Re6 Bb4 18. Rfe1 Rc8 19. a3 Bxc3 20. bxc3 Kb6 21.
Ne7 Rb8 22. Nxg8 Qxg8 23. Qxd7 Qh7 24. Qxd5 Qxc2 25. Qc5+ {Black resigns} 1-0

[Event "Team 45 45 League T52"]
[Site "Internet Chess Club"]
[Date "2012.04.09"]
[Round "8"]
[White "Helaman"]
[Black "drsigmund1"]
[Result "1-0"]
[WhiteElo "1579"]
[BlackElo "1472"]
[Opening "Ruy Lopez: Archangelsk (counterthrust) variation"]
[ECO "C70"]
[Time "22:00:07"]
[TimeControl "2700+45"]

1. e4 e5 2. Nf3 Nc6 3. Bb5 a6 4. Ba4 b5 5. Bb3 Nf6 6. O-O Bb7 7. Re1 Bc5 8. c3
d6 9. d4 Bb6 10. Be3 Nxe4 11. d5 Bxe3 12. Rxe3 Na5 13. Rxe4 f5 14. Re1 e4 15.
Nd4 Qg5 16. Ne6 Qe7 17. Nd2 c6 18. Nxe4 fxe4 19. Rxe4 Kd7 20. Nc5+ dxc5 21.
Rxe7+ Kxe7 22. d6+ Kd7 23. Qg4+ Kd8 24. Re1 {Black resigns} 1-0

[Event "Team 45 45 League T52"]
[Site "Internet Chess Club"]
[Date "2012.04.06"]
[Round "8"]
[White "cys456"]
[Black "Ivio"]
[Result "1-0"]
[WhiteElo "1723"]
[BlackElo "1797"]
[Opening "French: advance, Paulsen attack"]
[ECO "C02"]
[Time "13:00:21"]
[TimeControl "2700+45"]

1. e4 e6 2. d4 d5 3. e5 c5 4. c3 Nc6 5. Nf3 Qa5 6. dxc5 Qxc5 7. Be3 Qa5 8. b4
Qc7 9. Bd4 Nge7 10. b5 Nxd4 11. cxd4 Nf5 12. Bd3 Bb4+ 13. Nbd2 Qa5 14. a3 Bxd2+
15. Qxd2 Qxd2+ 16. Kxd2 O-O 17. Rac1 b6 18. Rc7 a6 19. a4 axb5 20. Bxb5 Ba6 21.
Bd7 Bc4 22. Rb1 Rfb8 23. Kc3 g6 24. Nd2 Ba6 25. g4 Ng7 26. h4 h5 27. Rc6 b5 28.
a5 Rb7 29. Bc8 b4+ 30. Kb3 Rba7 31. Bxa6 Rxa6 32. Rxa6 Rxa6 33. Kxb4 Ne8 34. Rc1
hxg4 35. Kb5 Ra8 36. Rc6 Rb8+ 37. Rb6 Ra8 38. Rb7 f6 39. a6 f5 40. a7 Kf8 41.
Kb6 f4 42. Rb8 Rxa7 43. Kxa7 g3 44. fxg3 fxg3 45. Rb3 Ng7 46. Rxg3 Nf5 47. Rg4
Kf7 48. Kb6 Kg7 49. h5 Ne7 50. Kc7 Kh6 51. hxg6 Nxg6 52. Kd6 Kh5 53. Rxg6 Kxg6
54. Kxe6 {Black resigns} 1-0

[Event "Team 45 45 League T52"]
[Site "Internet Chess Club"]
[Date "2012.04.06"]
[Round "8"]
[White "krysto"]
[Black "Mymas"]
[Result "0-1"]
[WhiteElo "1615"]
[BlackElo "1646"]
[Opening "QGD: exchange variation"]
[ECO "D35"]
[Time "20:07:18"]
[TimeControl "2700+45"]

1. d4 d5 2. c4 e6 3. Nc3 Nf6 4. cxd5 Nxd5 5. e4 Nxc3 6. bxc3 Nd7 7. Nf3 c5 8.
Bd3 Nb6 9. O-O Be7 10. Be3 cxd4 11. cxd4 O-O 12. Qb3 Bd7 13. Bb5 Bxb5 14. Qxb5
Rc8 15. Rfc1 Qd7 16. Qh5 f6 17. Qg4 Ba3 18. Rd1 Nc4 19. Bc1 Bxc1 20. Raxc1 Nb6
21. h4 e5 22. Qxd7 Nxd7 23. d5 Nc5 24. Nd2 Nd3 25. Rxc8 Rxc8 26. Nb3 Nc5 27. Rc1
b6 28. f3 Kf7 29. Kf1 Ke7 30. Ke2 Kd7 31. g4 Nxb3 32. Rxc8 Nd4+ 33. Ke3 Kxc8 34.
g5 Kd7 35. f4 Nb5 36. f5 fxg5 37. hxg5 h6 38. Kf3 hxg5 39. Kg4 Nd6 40. Kxg5
Nxe4+ 41. Kg6 Kd6 {White resigns} 0-1

[Event "Team 45 45 League T52"]
[Site "Internet Chess Club"]
[Date "2012.04.07"]
[Round "8"]
[White "ausya"]
[Black "Salvatore"]
[Result "1-0"]
[WhiteElo "1593"]
[BlackElo "1533"]
[Opening "Sicilian: Alapin's variation (2.c3)"]
[ECO "B22"]
[Time "14:03:33"]
[TimeControl "2700+45"]

1. e4 c5 2. c3 d5 3. exd5 Qxd5 4. d4 Nc6 5. Nf3 Bg4 6. dxc5 Qxd1+ 7. Kxd1 O-O-O+
8. Bd2 e5 9. b4 e4 10. h3 Bxf3+ 11. gxf3 exf3 12. Bc4 Nf6 13. Re1 g6 14. Kc2 Bg7
15. Na3 Nd5 16. Nb5 Ndxb4+ 17. cxb4 Rxd2+ 18. Kxd2 Bxa1 19. Rxa1 a6 20. Nd6+ Kc7
21. Nxf7 Rf8 22. a3 Nd4 23. Re1 Nf5 24. a4 b5 25. Ba2 bxa4 26. Ng5 Rd8+ 27. Kc3
Rd7 28. Be6 Re7 29. Re4 h6 30. Nxf3 Ng7 31. Nd4 Nh5 32. b5 axb5 33. Nxb5+ Kb8
34. c6 {Black resigns} 1-0

[Event "Team 45 45 League T52"]
[Site "Internet Chess Club"]
[Date "2012.04.06"]
[Round "8"]
[White "milesotoole"]
[Black "iceface"]
[Result "1-0"]
[WhiteElo "1586"]
[BlackElo "1643"]
[Opening "Scotch game"]
[ECO "C45"]
[Time "20:00:33"]
[TimeControl "2700+45"]

1. e4 e5 2. Nf3 Nc6 3. d4 exd4 4. Nxd4 Nxd4 5. Qxd4 d6 6. Nc3 Nf6 7. Bg5 Be7 8.
O-O-O h6 9. Bh4 a6 10. e5 dxe5 11. Qxe5 Bd7 12. Bxf6 gxf6 13. Qe4 Rb8 14. Bc4
Kf8 15. Rhe1 Bd6 16. Qh4 f5 17. Qd4 Rg8 18. Nd5 Bc6 19. g3 Bxd5 20. Qxd5 Qf6 21.
f4 Kg7 22. Bd3 Rgd8 23. Qxf5 Qxf5 24. Bxf5 Bc5 25. a3 Kf6 26. Bd3 Rd4 27. c3 Rd6
28. b4 Rbd8 29. bxc5 Rxd3 30. Rxd3 Rxd3 31. Kc2 Rd5 32. Rb1 Rxc5 33. Rxb7 Ke6
34. Kd3 Kd6 35. Kd4 Ra5 36. Rb8 Rxa3 37. Rh8 Ra4+ 38. c4 c5+ 39. Kd3 a5 40.
Rxh6+ Kd7 41. Rf6 Rb4 42. Rxf7+ Kc6 43. Ra7 Kb6 44. Ra8 a4 45. f5 Kb7 46. Ra5
Kb6 47. Rb5+ Rxb5 48. cxb5 a3 49. Kc3 c4 50. f6 a2 51. Kb2 c3+ 52. Kxa2 {Black
resigns} 1-0

[Event "Team 45 45 League T52"]
[Site "Internet Chess Club"]
[Date "2012.04.06"]
[Round "8"]
[White "ScotchYeti"]
[Black "quotha"]
[Result "0-1"]
[WhiteElo "1697"]
[BlackElo "1672"]
[Opening "French defense"]
[ECO "C00"]
[Time "06:00:04"]
[TimeControl "2700+45"]

1. e4 e6 2. Nf3 Nf6 3. e5 Nd5 4. c4 Nb6 5. d4 d5 6. exd6 cxd6 7. Nc3 Be7 8. Be2
O-O 9. O-O d5 10. c5 N6d7 11. Be3 b6 12. b4 bxc5 13. bxc5 Nc6 14. Qa4 Ndb8 15.
Rab1 Qa5 16. Qxa5 Nxa5 17. Nb5 Ba6 18. Rfe1 Nbc6 19. Nd2 Rab8 20. Kf1 Rfd8 21.
Nc3 Nc4 22. Nxc4 dxc4 23. Rxb8 Rxb8 24. Bf3 Rc8 25. d5 Bf6 26. Bd2 Nd4 27. Bg4
Rxc5 28. dxe6 fxe6 29. Bxe6+ Nxe6 30. Rxe6 Bc8 31. Re4 Bf5 32. Re8+ Kf7 33. Ra8
Bd3+ 34. Ke1 Rc7 35. g3 Kg6 36. f3 Bd4 37. Nd5 Rb7 38. Nf4+ Kf7 39. Nxd3 cxd3
40. Kd1 Rb1+ 41. Bc1 Be3 42. Rc8 d2 {White resigns} 0-1

[Event "Team 45 45 League T52"]
[Site "Internet Chess Club"]
[Date "2012.04.08"]
[Round "8"]
[White "Hapa-Haole"]
[Black "cBishop"]
[Result "1-0"]
[WhiteElo "1656"]
[BlackElo "1644"]
[Opening "QGD semi-Slav: 5...Nd7"]
[ECO "D45"]
[Time "11:10:22"]
[TimeControl "2700+45"]

1. d4 d5 2. Nf3 Nf6 3. c4 c6 4. Nc3 e6 5. e3 Nbd7 6. Bd2 a6 7. Qc2 dxc4 8. Bxc4
b5 9. Bd3 Bb7 10. Ne4 Rc8 11. b4 Nd5 12. a3 Be7 13. O-O f5 14. Nc5 Nxc5 15. dxc5
O-O 16. e4 fxe4 17. Bxe4 Nf4 18. Bxh7+ Kh8 19. Bxf4 Rxf4 20. Rad1 Qf8 21. Rd7
Rb8 22. Ne5 Rf6 23. Ng6+ Rxg6 24. Bxg6 Bc8 25. Rd3 e5 26. Qe2 Qf4 27. Qh5+ Qh6
28. Re1 Qxh5 29. Bxh5 Bf5 30. Rdd1 Bf6 31. Bf3 a5 32. Bxc6 axb4 33. axb4 Bc2 34.
Rd7 Bb3 35. Rb7 Ra8 36. Bxb5 Bd5 37. Rd7 Be6 38. Rd6 Bf5 39. Bc6 Ra2 40. g3 Bh3
41. Bg2 Bf5 42. b5 Be7 43. Rd5 Be6 44. Rdxe5 Bxc5 45. Rxc5 {Black resigns} 1-0

[Event "Team 45 45 League T52"]
[Site "Internet Chess Club"]
[Date "2012.04.08"]
[Round "8"]
[White "cepheid"]
[Black "dschesq"]
[Result "1/2-1/2"]
[WhiteElo "1628"]
[BlackElo "1550"]
[Opening "Sicilian: Alapin's variation (2.c3)"]
[ECO "B22"]
[Time "14:01:58"]
[TimeControl "2700+45"]

1. e4 c5 2. c3 d5 3. exd5 Qxd5 4. d4 Nf6 5. Nf3 e6 6. Be3 cxd4 7. cxd4 a6 8. Nc3
Qd8 9. Bc4 Bd7 10. d5 exd5 11. Nxd5 Nxd5 12. Qxd5 Bb4+ 13. Nd2 Bxd2+ 14. Bxd2
Qe7+ 15. Be3 Bc6 16. Qd4 O-O 17. O-O Rd8 18. Qf4 Nd7 19. Rfe1 Nf6 20. Bb6 Qd6
21. Qxd6 Rxd6 22. Rad1 Rxd1 23. Rxd1 Rc8 24. b3 Nd7 25. Be3 Ne5 26. Be2 h6 27.
Bb6 {Game drawn by mutual agreement} 1/2-1/2

[Event "Team 45 45 League T52"]
[Site "Internet Chess Club"]
[Date "2012.04.08"]
[Round "8"]
[White "rookmaster23"]
[Black "Gilguli"]
[Result "1-0"]
[WhiteElo "1581"]
[BlackElo "1386"]
[Opening "QGD: Albin counter-gambit, 5.g3"]
[ECO "D09"]
[Time "15:00:45"]
[TimeControl "2700+45"]

1. d4 d5 2. c4 e5 3. dxe5 d4 4. Nf3 Nc6 5. g3 Nge7 6. Bg2 Ng6 7. Bg5 Qd7 8. O-O
Ngxe5 9. Nxe5 Nxe5 10. Qb3 Rb8 11. e3 b6 12. Rd1 c5 13. Bf4 f6 14. Na3 Bb7 15.
exd4 cxd4 16. Bxb7 Qxb7 17. Qb5+ Kf7 18. Bxe5 fxe5 19. Qxe5 Bxa3 20. bxa3 Rhe8
21. Qf5+ Kg8 22. Rxd4 Rf8 23. Qe6+ Kh8 24. Rd7 Qf3 25. Qe7 Qxf2+ 26. Kh1 Qf3+
27. Kg1 Qf2+ 28. Kh1 Qf3+ 29. Kg1 Qc3 30. Rad1 Rbe8 31. Rd8 Rxd8 32. Rxd8 Qc1+
33. Kg2 Qc2+ 34. Kh3 {Black resigns} 1-0

[Event "Team 45 45 League T52"]
[Site "Internet Chess Club"]
[Date "2012.04.07"]
[Round "8"]
[White "pereelcoix"]
[Black "dpmdpm"]
[Result "1/2-1/2"]
[WhiteElo "1219"]
[BlackElo "1527"]
[Opening "King's Indian: fianchetto, classical variation"]
[ECO "E67"]
[Time "09:03:18"]
[TimeControl "2700+45"]

1. d4 Nf6 2. c4 g6 3. Nc3 Bg7 4. Nf3 O-O 5. g3 d6 6. Bg2 Nbd7 7. O-O e5 8. Bg5
h6 9. dxe5 dxe5 10. Bxf6 Bxf6 11. Qd3 Nb6 12. Qxd8 Rxd8 13. Rad1 Be6 14. Rxd8+
Rxd8 15. b3 c6 16. c5 Nd5 17. Ne4 Bg7 18. Nd6 Rb8 19. Rd1 f5 20. Nc4 e4 21. Nfe5
g5 22. a3 Nc3 23. Rd2 Bxc4 24. Nxc4 Nd5 25. b4 b5 26. cxb6 Nxb6 27. Nxb6 axb6
28. Rd6 Rc8 29. b5 cxb5 30. Rxb6 Ra8 31. Rxb5 Rxa3 32. Rxf5 Ra1+ 33. Bf1 Kh7 34.
Kg2 Kg6 35. Rb5 Ra4 36. Rb6+ Kh5 37. e3 g4 38. Be2 Ra2 39. Bf1 Bc3 40. Rb5+ Kg6
41. Rc5 Be1 42. Re5 Bxf2 43. Rxe4 Bxe3+ 44. Kh1 Ra1 45. Rxe3 Rxf1+ 46. Kg2 Ra1
47. Re6+ Kg5 48. Re5+ Kg6 49. Re6+ Kg5 {Game drawn by mutual agreement} 1/2-1/2

[Event "Team 45 45 League T52"]
[Site "Internet Chess Club"]
[Date "2012.04.06"]
[Round "8"]
[White "otib2006"]
[Black "sockmonkey"]
[Result "0-1"]
[WhiteElo "1360"]
[BlackElo "1406"]
[Opening "Queen's pawn game"]
[ECO "D02"]
[Time "06:21:19"]
[TimeControl "2700+45"]

1. d4 d5 2. Nf3 e6 3. e3 f5 4. Bd3 Nf6 5. O-O Bd6 6. Nbd2 O-O 7. c3 Nbd7 8. b4
Ne4 9. Bxe4 dxe4 10. Ne1 Nf6 11. Nc4 Be7 12. a4 c6 13. Ne5 Nd7 14. Ba3 Nxe5 15.
dxe5 Qxd1 16. Rxd1 Rd8 17. Nc2 b6 18. Rxd8+ Bxd8 19. Rd1 Ba6 20. Rd6 Bc7 21.
Rxc6 Bxe5 22. c4 Rd8 23. g3 Rc8 24. Rxe6 Rxc4 25. Rxe5 Rxc2 26. Rxf5 Ra2 27. Bc1
Ra1 28. Kg2 Rxc1 29. Re5 Bf1+ {White resigns} 0-1

[Event "Team 45 45 League T52"]
[Site "Internet Chess Club"]
[Date "2012.04.07"]
[Round "8"]
[White "Iowa-Archer"]
[Black "dabodhi"]
[Result "0-1"]
[WhiteElo "1313"]
[BlackElo "1220"]
[Opening "Scandinavian: Pytel-Wade variation"]
[ECO "B01"]
[Time "14:30:42"]
[TimeControl "2700+45"]

1. e4 d5 2. exd5 Qxd5 3. Nc3 Qd6 4. d4 Nf6 5. Nf3 c6 6. Be3 Bf5 7. Bc4 Qb4 8.
Bb3 e6 9. O-O Nbd7 10. Nh4 Nb6 11. Nxf5 exf5 12. Qd3 g6 13. Bg5 Nbd7 14. Rfe1+
Be7 15. Bh6 Ng4 16. a3 Qd6 17. Be3 Qxh2+ 18. Kf1 O-O 19. Re2 Qh1# {White
checkmated} 0-1

[Event "Team 45 45 League T52"]
[Site "Internet Chess Club"]
[Date "2012.04.09"]
[Round "8"]
[White "CoasterBrake"]
[Black "artspir"]
[Result "0-1"]
[WhiteElo "1176"]
[BlackElo "1161"]
[Opening "Caro-Kann: Gurgenidze system"]
[ECO "B15"]
[Time "10:01:29"]
[TimeControl "2700+45"]

1. e4 c6 2. d4 d5 3. Nc3 g6 4. e5 Bg7 5. Nf3 Bf5 6. Bd3 Bxd3 7. Qxd3 e6 8. O-O
Ne7 9. Bg5 O-O 10. Qd2 h6 11. Bxh6 Nf5 12. Bxg7 Kxg7 13. g4 Ne7 14. h4 Rh8 15.
Kg2 Nd7 16. Rh1 c5 17. Ne2 Qc7 18. h5 Rag8 19. h6+ Kf8 20. Ng5 cxd4 21. Qf4 Nxe5
22. Nxd4 Ke8 23. h7 Rf8 24. Ndxe6 fxe6 25. Nxe6 Rxf4 26. Nxc7+ Kd7 27. Rae1
Rxg4+ 28. Kf1 Nf3 29. Re6 Rh4 30. Rxh4 Nxh4 31. Re4 Rxh7 32. Rg4 Kxc7 {White
resigns} 0-1